 Dungeon Crawl Stone Soup version 0.30-a0-919-g9323dee000 (webtiles) character file.

Game seed: 14412079335871451078

15660 Ijustatesigmund the Thaumaturge (level 12, -16/91 HPs)
             Began as a Gnoll Fire Elementalist on Mar 20, 2023.
             Was an Elder of the Shining One.
             Demolished by a two-headed ogre
             ... wielding a +0 giant club
              (33 damage)
             ... on level 12 of the Dungeon on Mar 21, 2023.
             The game lasted 00:32:33 (14725 turns).

Ijustatesigmund the Thaumaturge (GnFE)             Turns: 14725, Time: 00:32:34

Health: -16/91     AC:  8    Str:  9    XL:     12   Next: 29%
Magic:  17/25      EV: 17    Int: 19    God:    the Shining One [****..]
Gold:   691        SH:  9    Dex: 17    Spells: 22/29 levels left

rFire   . . .      SeeInvis .    B - +3 trident (heavy)
rCold   + . .      Faith    .    (no shield)
rNeg    + + .      Spirit   .    a - +1 robe
rPois   .          Reflect  .    (no helmet)
rElec   .          Rampage  .    F - +2 cloak
rCorr   .                        q - +0 pair of gloves
Will    .....                    (no boots)
Stlth   ++                       C - amulet of the acrobat
HPRegen 0.35/turn                l - ring of wizardry
MPRegen 0.19/turn                v - ring "Veupal" {Wiz rC+ Int+2 Dex+3}

@: divinely shielded, glowing
A: fangs 1, strong nose, distributed training
a: Renounce Religion, Divine Shield, Cleansing Flame


You were on level 12 of the Dungeon.
You worshipped the Shining One.
The Shining One was greatly pleased with you.
You visited 1 branch of the dungeon, and saw 12 of its levels.

You collected 795 gold pieces.
You spent 104 gold pieces at shops.

Inventory:

Hand Weapons
 g - a +4 flail of venom
 B - a +3 heavy trident (weapon)
 H - a +2 hand axe of flaming
Missiles
 x - a throwing net
Armour
 a - a +1 robe (worn)
 q - a +0 pair of gloves (worn)
 D - the +2 leather armour of Feasting {+Blink rCorr Dex+6 Slay-6}
   (You found it on level 10 of the Dungeon)

   Dex:       It affects your dexterity (+6).
   Slay:      It affects your accuracy & damage with ranged weapons and melee
   (-6).
   +Blink:    It lets you blink.
   rCorr:     It protects you from acid and corrosion.
 F - a +2 cloak (worn)
Magical Staves
 y - a staff of earth
Jewellery
 b - a ring of fire
 l - a ring of wizardry (left hand)
 v - the ring "Veupal" (right hand) {Wiz rC+ Int+2 Dex+3}
   (You found it on level 5 of the Dungeon)

   [ring of wizardry]

   It improves your spell success rate.
   Int:       It affects your intelligence (+2).
   Dex:       It affects your dexterity (+3).
   rC:        It protects you from cold.
 A - a ring of magical power
 C - an amulet of the acrobat (around neck)
Wands
 j - a wand of roots (7)
 r - a wand of light (10)
 t - a wand of mindburst (9)
 w - a wand of charming (2)
Scrolls
 e - 4 scrolls of teleportation
 h - 2 scrolls of blinking
 n - 2 scrolls of identify
 G - a scroll of enchant armour
Potions
 c - 4 potions of haste
 d - 2 potions of heal wounds
 f - 2 potions of cancellation
 i - 4 potions of curing
 k - 5 potions of lignification
 m - a potion of berserk rage
 o - 3 potions of flight
 p - 4 potions of attraction
 s - a potion of ambrosia
 u - 4 potions of brilliance
 z - a potion of might
 E - 2 potions of resistance
 I - a potion of mutation {unknown}


   Skills:
 + Level 7.4 Fighting
 + Level 7.4 Short Blades
 + Level 7.4 Long Blades
 + Level 7.4 Axes
 + Level 7.4 Maces & Flails
 + Level 7.4 Polearms
 + Level 7.4 Staves
 + Level 7.4 Ranged Weapons
 + Level 7.4 Throwing
 + Level 7.4 Armour
 + Level 8.8 Dodging
 + Level 8.6 Stealth
 + Level 7.4 Shields
 + Level 7.4 Unarmed Combat
 + Level 9.0 Spellcasting
 + Level 6.5 Conjurations
 + Level 6.1 Hexes
 + Level 6.1 Summonings
 + Level 6.1 Necromancy
 + Level 6.1 Translocations
 + Level 6.1 Transmutations
 + Level 8.3 Fire Magic
 + Level 6.1 Ice Magic
 + Level 6.1 Air Magic
 + Level 6.1 Earth Magic
 + Level 6.1 Poison Magic
 + Level 8.1 Invocations
 + Level 7.4 Evocations


You had 22 spell levels left.
You knew the following spells:

 Your Spells              Type           Power      Damage    Failure   Level
a - Foxfire               Conj/Fire      100%       2x1d9     1%          1
b - Scorch                Fire           80%        2d9       1%          2
c - Flame Wave            Conj/Fire      37%        2d10      1%          4

Your spell library contained the following spells:

 Spells                   Type           Power      Damage    Failure   Level
 Inner Flame              Hex/Fire       36%        N/A       1%          3
 Kindle Blastsparks       Fire/Tloc/Air  68%        2d15      1%          3
 Summon Lightning Spire   Summ/Air       32%        N/A       1%          4
 Summon Forest            Summ/Tloc      16%        N/A       5%          5
 Summon Mana Viper        Hex/Summ       32%        N/A       5%          5
 Summon Cactus Giant      Summ           16%        N/A       24%         6
 Storm Form               Tmut/Air       16%        N/A       77%         7
 Maxwell's Capacitive Co  Air            16%        ∞         100%        8


Dungeon Overview and Level Annotations

Branches:
Dungeon (12/15)            Temple (0/1) D:5            Lair (0/5) D:10
    Orc (0/2) D:11

Altars:
Ashenzari
Cheibriados
Elyvilon
Gozag
Hepliaklqana
Nemelex Xobeh
Okawaru
Ru
Sif Muna
Vehumet
Xom
Yredelemnul
Zin
The Shining One

Shops:
D:2 ?

Annotations:
D:7 3 runed translucent doors


Innate Abilities, Weirdness & Mutations

You have very sharp teeth.
Your uncanny sense of smell can sniff out nearby items.
Your experience applies equally to all skills.


Message History

You hit the two-headed ogre.
The two-headed ogre is lightly wounded.
The two-headed ogre completely misses you.
The two-headed ogre hits you with a +0 giant club!
You are too injured to fight recklessly!
You are too injured to fight recklessly!
You are too injured to fight recklessly!
You are too injured to fight recklessly!
You are too injured to fight recklessly!
You are too injured to fight recklessly!
You are too injured to fight recklessly!
You are too injured to fight recklessly!
You are too injured to fight recklessly!
You are too injured to fight recklessly!
You are too injured to fight recklessly!
You are too injured to fight recklessly!
A divine shield forms around you!
The two-headed ogre hits you with a +0 giant club!
You block the two-headed ogre's attack.
You puncture the two-headed ogre!
You bite the two-headed ogre, but do no damage.
The two-headed ogre is moderately wounded.
The two-headed ogre hits you with a +0 giant club!
* * * LOW HITPOINT WARNING * * *
The two-headed ogre closely misses you.
You hit the two-headed ogre.
The two-headed ogre is moderately wounded.
The two-headed ogre closely misses you. x2
Aiming: Bolt of Light
Press: ? - help, Shift-Dir - straight line, f - two-headed ogre
Aim: a two-headed ogre, wielding two +0 giant clubs (moderately wounded, haloed, 91% to hit)
The bolt of light hits the two-headed ogre!
The two-headed ogre is heavily wounded.
The two-headed ogre is blinded.
You block the two-headed ogre's attack. The two-headed ogre closely misses you.
You puncture the two-headed ogre! You punch the two-headed ogre.
You bite the two-headed ogre, but do no damage.
The two-headed ogre is severely wounded.
The two-headed ogre hits you with a +0 giant club!!
You die...

..............# #..# ...
........).....# #..# ..
..............# #..# O
..............# #..#
..............# #..####...
..............#####.........
...........................
###........................
#..######....@O........##
#.....††.......#
#..............#
#..............#
#...............
.................
.................
..>.........###.


You could see a two-headed ogre (blind).

Vanquished Creatures
  A hydra (D:8)
  2 two-headed ogres (D:10)
  2 ugly things (D:12)
  2 cyclopes (D:11)
  A gargoyle (D:11)
  2 unseen horrors (D:12)
  A komodo dragon (D:7)
  A kobold demonologist (D:10)
  2 dream sheep (D:8)
  A slime creature (D:7)
  2 shadows
  A vampire (D:9)
  A wraith (D:11)
  A wyvern (D:9)
  35 yaks
  4 vampire mosquitoes (D:12)
  2 water moccasins
  3 ice beasts
  A black bear (D:10)
  A sky beast (D:8)
  4 orc warriors (D:11)
  An ogre (D:5)
  4 centaurs
  4 kobold brigands
  3 phantoms
  2 scorpions
  7 bullfrogs
  A gnoll sergeant (D:10)
  7 wights
  An oklob sapling (D:5)
  6 killer bees (D:9)
  A howler monkey (D:9)
  3 jellies
  3 orc priests
  4 hounds
  4 iguanas
  Ijyb (D:5)
  3 sleepcaps
  3 orc wizards
  5 gnolls (D:10)
  4 river rats (D:5)
  5 adders
  2 white imps
  2 dart slugs
  33 orcs
  13 endoplasms
  2 giant cockroaches
  7 goblins
  5 hobgoblins
  3 jackals (D:3)
  11 kobolds
  9 quokkas
  7 ball pythons
  6 bats
  5 frilled lizards
  17 rats
264 creatures vanquished.

Vanquished Creatures (collateral kills)
  A black bear (D:6)
  A wight (D:6)
  An orc wizard (D:6)
  A rat (D:5)
  A foxfire (D:4)
5 creatures vanquished.

Vanquished Creatures (others)
  An orc warrior (D:6)
  A bullfrog (D:10)
  3 river rats (D:5)
  An orc (D:5)
  A quokka (D:5)
  403 foxfires
  50 fungi (D:10)
  71 plants
531 creatures vanquished.

Grand Total: 800 creatures vanquished

Notes
Turn   | Place    | Note
-------+----------+-------------------------------------------
     0 | D:1      | Ijustatesigmund the Gnoll Fire Elementalist began the quest
                  | for the Orb.
     0 | D:1      | Reached XP level 1. HP: 13/13 MP: 6/6
   196 | D:1      | Reached XP level 2. HP: 20/20 MP: 4/7
   569 | D:1      | Learned a level 2 spell: Scorch
   959 | D:2      | Reached skill level 5 in Spellcasting
   959 | D:2      | Reached XP level 3. HP: 25/25 MP: 5/9
  1447 | D:2      | Reached skill level 1 in Invocations
  1818 | D:2      | Found Vututo Zisa's Magic Scroll Emporium.
  1822 | D:2      | Bought a scroll of blinking for 82 gold pieces
  1822 | D:2      | Bought a scroll of identify for 22 gold pieces
  1938 | D:3      | Reached skill level 1 in Fighting
  1938 | D:3      | Reached skill level 1 in Short Blades
  1938 | D:3      | Reached skill level 1 in Long Blades
  1938 | D:3      | Reached skill level 1 in Axes
  1938 | D:3      | Reached skill level 1 in Maces & Flails
  1938 | D:3      | Reached skill level 1 in Polearms
  1938 | D:3      | Reached skill level 1 in Staves
  1938 | D:3      | Reached skill level 1 in Ranged Weapons
  1938 | D:3      | Reached skill level 1 in Throwing
  1938 | D:3      | Reached skill level 1 in Armour
  1938 | D:3      | Reached skill level 1 in Shields
  1938 | D:3      | Reached skill level 1 in Unarmed Combat
  1938 | D:3      | Reached skill level 1 in Evocations
  2184 | D:3      | Found a glowing golden altar of the Shining One.
  2236 | D:3      | Became a worshipper of the Shining One
  2254 | D:3      | Reached XP level 4. HP: 32/32 MP: 9/11
  2739 | D:4      | Reached skill level 1 in Hexes
  2739 | D:4      | Reached skill level 1 in Summonings
  2739 | D:4      | Reached skill level 1 in Necromancy
  2739 | D:4      | Reached skill level 1 in Translocations
  2739 | D:4      | Reached skill level 1 in Transmutations
  2739 | D:4      | Reached skill level 1 in Ice Magic
  2739 | D:4      | Reached skill level 1 in Air Magic
  2739 | D:4      | Reached skill level 1 in Earth Magic
  2739 | D:4      | Reached skill level 1 in Poison Magic
  2913 | D:4      | Reached XP level 5. HP: 37/37 MP: 10/12
  3303 | D:4      | Noticed a phantom
  3328 | D:4      | Killed a phantom
  3329 | D:4      | Reached XP level 6. HP: 21/44 MP: 0/13
  3595 | D:5      | Entered Level 5 of the Dungeon
  3619 | D:5      | Noticed a water moccasin
  3626 | D:5      | Killed a water moccasin
  3627 | D:5      | Reached skill level 5 in Dodging
  3756 | D:5      | Identified the ring "Veupal" {Wiz rC+ Int+2 Dex+3}
  3764 | D:5      | Learned a level 4 spell: Flame Wave
  4014 | D:5      | Noticed Ijyb
  4018 | D:5      | Found a staircase to the Ecumenical Temple.
  4025 | D:5      | Reached * piety under the Shining One
  4026 | D:5      | Reached XP level 7. HP: 43/51 MP: 10/15
  4037 | D:5      | Killed Ijyb
  4305 | D:5      | Reached skill level 5 in Stealth
  5149 | D:5      | Reached XP level 8. HP: 54/58 MP: 10/16
  6012 | D:6      | Reached skill level 6 in Spellcasting
  7091 | D:7      | Reached XP level 9. HP: 59/65 MP: 9/18
  7735 | D:7      | Noticed a komodo dragon
  7752 | D:7      | Killed a komodo dragon
  7905 | D:7      | Found a runed translucent door.
  7905 | D:7      | Noticed a centaur warrior
  7906 | D:7      | Noticed a purple ugly thing
  8112 | D:7      | Found a runed translucent door.
  8113 | D:7      | Found a runed translucent door.
  8416 | D:8      | Reached ** piety under the Shining One
  8422 | D:7      | Reached skill level 5 in Invocations
  9077 | D:8      | Reached skill level 7 in Spellcasting
  9098 | D:8      | Reached skill level 5 in Fighting
  9098 | D:8      | Reached skill level 5 in Short Blades
  9098 | D:8      | Reached skill level 5 in Long Blades
  9098 | D:8      | Reached skill level 5 in Axes
  9098 | D:8      | Reached skill level 5 in Maces & Flails
  9098 | D:8      | Reached skill level 5 in Polearms
  9098 | D:8      | Reached skill level 5 in Staves
  9098 | D:8      | Reached skill level 5 in Ranged Weapons
  9098 | D:8      | Reached skill level 5 in Throwing
  9098 | D:8      | Reached skill level 5 in Armour
  9098 | D:8      | Reached skill level 5 in Shields
  9098 | D:8      | Reached skill level 5 in Unarmed Combat
  9098 | D:8      | Reached skill level 5 in Evocations
  9098 | D:8      | Reached XP level 10. HP: 50/74 MP: 1/20
  9318 | D:8      | Found a snail-covered altar of Cheibriados.
  9632 | D:8      | Found a radiant altar of Vehumet.
  9633 | D:8      | Found a hazy altar of Hepliaklqana.
  9635 | D:8      | Found a shimmering altar of Xom.
  9638 | D:8      | Found an iron altar of Okawaru.
  9639 | D:8      | Found a shimmering blue altar of Sif Muna.
  9639 | D:8      | Found a glowing silver altar of Zin.
  9639 | D:8      | Found a broken altar of Ashenzari.
  9640 | D:8      | Found a white marble altar of Elyvilon.
  9641 | D:8      | Found a basalt altar of Yredelemnul.
  9642 | D:8      | Found a sparkling altar of Nemelex Xobeh.
  9643 | D:8      | Found an opulent altar of Gozag.
  9644 | D:8      | Found a sacrificial altar of Ru.
 10197 | D:8      | Noticed a three-headed hydra
 10202 | D:8      | Killed a one-headed hydra
 10203 | D:8      | Reached skill level 5 in Conjurations
 10898 | D:9      | Reached skill level 5 in Hexes
 10898 | D:9      | Reached skill level 5 in Summonings
 10898 | D:9      | Reached skill level 5 in Necromancy
 10898 | D:9      | Reached skill level 5 in Translocations
 10898 | D:9      | Reached skill level 5 in Transmutations
 10898 | D:9      | Reached skill level 5 in Ice Magic
 10898 | D:9      | Reached skill level 5 in Air Magic
 10898 | D:9      | Reached skill level 5 in Earth Magic
 10898 | D:9      | Reached skill level 5 in Poison Magic
 11090 | D:9      | Reached XP level 11. HP: 81/81 MP: 11/22
 11094 | D:9      | Reached skill level 8 in Spellcasting
 11762 | D:9      | Identified the +0 robe "Pokues" {rC- Will+ Str+2}
 12142 | D:10     | Entered Level 10 of the Dungeon
 12181 | D:10     | Noticed a two-headed ogre
 12191 | D:10     | Killed a two-headed ogre
 12393 | D:10     | Reached *** piety under the Shining One
 12398 | D:10     | Noticed a two-headed ogre
 12432 | D:10     | Killed a two-headed ogre
 12773 | D:10     | Upgraded the game from 0.30-a0-916-g98134172ad to
                  | 0.30-a0-919-g9323dee000
 12969 | D:10     | Found a staircase to the Lair.
 13111 | D:10     | Identified the +2 leather armour of Feasting {+Blink rCorr
                  | Dex+6 Slay-6}
 13740 | D:11     | Noticed a cyclops
 13748 | D:11     | Noticed a cyclops
 13752 | D:11     | Killed a cyclops
 13759 | D:11     | Killed a cyclops
 13765 | D:11     | Noticed a cyclops
 14102 | D:11     | Reached XP level 12. HP: 43/91 MP: 12/24
 14250 | D:11     | Found a staircase to the Orcish Mines.
 14667 | D:12     | Noticed a two-headed ogre
 14709 | D:12     | Reached skill level 9 in Spellcasting
 14711 | D:12     | Reached **** piety under the Shining One
 14725 | D:12     | Demolished by a two-headed ogre

Illustrated notes

Levels and vault maps discovered:
D:1:      grunt_arrival_lava_bath, layout_basic, minmay_misc_feat_pillars
D:2:      layout_basic, serial_shops, nicolae_shop_stone
D:3:      layout_basic, overflow_temple_1_default, feat_on_display
D:4:      layout_basic, dreamdust_princess_bridge, st_stairs_12
D:5:      lemuel_ratsnest, layout_basic, minmay_temple_entry_oklob,
          nicolae_concentric_dashed_squares_wild, uniq_ijyb
D:6:      layout_gridville
D:7:      minmay_the_grid_triangle_9x9_rhombus_full
          [minmay_the_grid_triangle_9x9_warning,
          minmay_the_grid_triangle_9x9_flanged_cone,
          minmay_the_grid_triangle_9x9_minimal,
          minmay_the_grid_triangle_9x9_corruption,
          minmay_the_grid_triangle_9x9_fully_insulated_deathbox,
          minmay_the_grid_triangle_9x9_windchime,
          minmay_the_grid_triangle_9x9_stretched_checkered,
          minmay_the_grid_triangle_9x9_prize_special], layout_basic
D:8:      layout_loops_cross, minitemple, old_standard_altar, hangedman_ranch
D:9:      layout_stronghold, lightli_orcish_oven
D:10:     layout_basic, due_lair_maze_entry_diamond
D:11:     layout_stronghold, david_orc_5, kennysheep_generic_room_5
D:12:     layout_small_grid, minmay_hedge_maze, uniq_kirke, uniq_josephine,
          uniq_nessos

Skill      XL: |  1  2  3  4  5  6  7  8  9 10 11 12 |
---------------+-------------------------------------+-----
Conjurations   | 2 3 4 5 6 |  6.5
Spellcasting   | 5 6 7 8 9 |  9.0
Invocations    | 1 2 3 4 5 6 7 8 |  8.1
Fighting       | 1 2 3 5 6 7 |  7.4
Short Blades   | 1 2 3 5 6 7 |  7.4
Long Blades    | 1 2 3 5 6 7 |  7.4
Axes           | 1 2 3 5 6 7 |  7.4
Maces & Flails | 1 2 3 5 6 7 |  7.4
Polearms       | 1 2 3 5 6 7 |  7.4
Staves         | 1 2 3 5 6 7 |  7.4
Ranged Weapons | 1 2 3 5 6 7 |  7.4
Throwing       | 1 2 3 5 6 7 |  7.4
Armour         | 1 2 3 5 6 7 |  7.4
Shields        | 1 2 3 5 6 7 |  7.4
Unarmed Combat | 1 2 3 5 6 7 |  7.4
Evocations     | 1 2 3 5 6 7 |  7.4
Hexes          | 1 2 3 4 5 6 |  6.1
Summonings     | 1 2 3 4 5 6 |  6.1
Necromancy     | 1 2 3 4 5 6 |  6.1
Translocations | 1 2 3 4 5 6 |  6.1
Transmutations | 1 2 3 4 5 6 |  6.1
Ice Magic      | 1 2 3 4 5 6 |  6.1
Air Magic      | 1 2 3 4 5 6 |  6.1
Earth Magic    | 1 2 3 4 5 6 |  6.1
Poison Magic   | 1 2 3 4 5 6 |  6.1
Dodging        | 5 6 7 8 |  8.8
Stealth        | 5 6 7 8 |  8.6
Fire Magic     | 6 7 8 |  8.3

Action                     |  1- 3 |  4- 6 |  7- 9 | 10-12 || total
---------------------------+-------+-------+-------+-------++-------
  Melee: Short sword       |    22 |       |       |       ||    22
         Long sword        |       |    11 |    14 |       ||    25
         Bite              |       |     2 |     3 |    25 ||    30
         Punch             |       |       |     3 |     8 ||    11
         Mace              |       |       |    16 |       ||    16
         Hand axe          |       |       |       |    40 ||    40
         Flail             |       |       |       |    52 ||    52
         Trident           |       |       |       |    53 ||    53
   Cast: Foxfire           |    70 |    60 |    67 |    53 ||   250
         Scorch            |     3 |    25 |    57 |    42 ||   127
         Flame Wave        |       |       |    14 |    34 ||    48
 Invoke: Divine Shield     |       |       |     1 |     7 ||     8
  Evoke: Wand              |       |       |    14 |    10 ||    24
    Use: Scroll            |    11 |       |     5 |    11 ||    27
         Potion            |       |       |     7 |     2 ||     9
   Stab: Sleeping          |     1 |       |       |       ||     1
 Armour: Robe              |     2 |    11 |    18 |    51 ||    82
  Dodge: Dodged            |    14 |    29 |    86 |   257 ||   386
  Block: Other             |       |       |       |    25 ||    25

Table legend: (Time is in decaauts)
 A = Elapsed time spent in this place.
 B = Non-inter-level travel time spent in this place.
 C = Inter-level travel time spent in this place.
 D = Time resting spent in this place.
 E = Time spent auto-exploring this place.
 F = Levels seen in this place.
 G = Mean time per level.
                   A        B        C        D        E       F      G
               +--------+--------+--------+--------+--------+-----+--------+
         Total |  14758 |  14337 |    421 |   4314 |   8083 |  12 | 1229.8 |
       Dungeon |  14758 |  14337 |    421 |   4314 |   8083 |  12 | 1229.8 |
               +--------+--------+--------+--------+--------+-----+--------+

Top non-repeatable levels by time:
     D:5: 2365 daAuts
     D:7: 1787 daAuts
     D:9: 1736 daAuts
     D:8: 1570 daAuts
    D:10: 1455 daAuts
     D:6: 1097 daAuts
     D:4: 998 daAuts
     D:1: 953 daAuts
     D:2: 915 daAuts
    D:11: 798 daAuts
     D:3: 727 daAuts
    D:12: 352 daAuts
